Oilers vs Islanders
Created - January 10, 2021 at 19:22
Goals
|
| Oilers |
2 |
2 |
3 |
7 |
| Islanders |
1 |
1 |
0 |
2 |
|
Shots
|
| Oilers |
13 |
8 |
16 |
37 |
| Islanders |
8 |
9 |
3 |
20 |
|
1st period
1. Oilers , Phil Kessel 15 (Adam Larsson 5, Seth Jones 10) at 2:38
2. Oilers , Taylor Hall 11 (Shea Weber 8, Teuvo Teravainen 17) at 9:39
3. Islanders , Evander Kane 24 (Vladimir Tarasenko 26, Joe Thornton 19) at 15:07 (PP)
Penalties :
Evander Kane (NYI) for Holding (Minor) at 5:11, Oscar Klefbom (EDM) for Roughing (Minor) at 11:08, Seth Jones (EDM) for Hooking (Minor) at 15:00
2nd period
4. Oilers , James Neal 8 (Connor McDavid 12, Seth Jones 11) at 3:04
5. Islanders , David Legwand 6 (Vladimir Tarasenko 27, T.J. Fast 3) at 10:30 (SH)
6. Oilers , Leon Draisaitl 11 (Shea Weber 9) at 13:07 (PP)
Penalties :
Fedor Tyutin (NYI) for Hooking (Minor) at 8:49, Justin Falk (NYI) for High sticking (Minor) at 10:57, Jay Bouwmeester (NYI) for High sticking (Minor) at 12:12, Leon Draisaitl (EDM) for Hooking (Minor) at 14:53, Maxim Talbot (NYI) for Hooking (Minor) at 18:12
3rd period
7. Oilers , James Neal 9 (Pavel Buchnevich 8) at 1:27
8. Oilers , James Neal 10 (Connor McDavid 13) at 10:09
9. Oilers , Taylor Hall 12 (Riley Sheahan 16, Teuvo Teravainen 18) at 12:56
Penalties :
Phil Kessel (EDM) for Hooking (Minor) at 7:54, Ryan Ellis (NYI) for Tripping (Minor) at 13:19, Maxim Talbot (NYI) for Interference (Minor) at 16:43
Goalie Stats
James Reimer (EDM), 18 saves from 20 shots - (0.900), W, 13-9-3, 60:00 minutes
Jonathan Quick (NYI), 30 saves from 37 shots - (0.811), L, 18-10-1, 60:00 minutes
Players Stats for Oilers
Player Name G A P +/- PIM S H SB GA TA FO MP PP MP PK MP
------------------------------------------------------------------------------------
Adam Larsson 0 1 1 2 0 4 1 0 1 0 0/0 20:57 0:00 2:17
Chris Kreider 0 0 0 0 0 6 2 0 1 0 1/1 19:39 7:02 0:37
Connor McDavid 0 2 2 2 0 4 1 0 0 1 7/18 15:50 7:02 0:00
Darnell Nurse 0 0 0 3 0 1 3 0 0 0 0/0 15:45 0:00 2:10
James Neal 3 0 3 3 0 3 0 0 0 0 1/1 10:20 0:41 0:37
Jordan Caron 0 0 0 0 0 0 1 0 0 0 0/0 5:39 0:04 0:00
Kellan Lain 0 0 0 0 0 1 2 1 0 0 0/0 9:51 0:24 3:52
Kevin Porter 0 0 0 0 0 0 1 1 0 0 3/6 8:12 0:00 1:35
Leon Draisaitl 1 0 1 1 2 4 2 1 0 0 2/5 17:50 4:32 0:00
Oscar Klefbom 0 0 0 1 2 2 0 0 0 0 0/0 13:59 5:02 0:00
Pavel Buchnevich 0 1 1 3 0 1 0 0 0 0 0/1 13:46 4:59 0:00
Phil Kessel 1 0 1 1 2 1 1 0 1 0 0/1 11:54 0:00 0:00
Riley Sheahan 0 1 1 2 0 0 2 0 0 0 14/29 17:59 0:00 3:52
Seth Jones 0 2 2 1 2 0 1 1 0 2 0/0 27:44 7:03 3:47
Shea Weber 0 2 2 3 0 0 4 2 0 0 0/0 23:33 5:02 3:54
Taylor Hall 2 0 2 2 0 5 1 1 0 0 1/2 21:38 4:29 1:35
Teuvo Teravainen 0 2 2 1 0 4 1 0 1 0 1/2 21:15 7:02 0:00
Tobias Enstrom 0 0 0 0 0 1 0 0 0 0 0/0 18:01 7:03 0:00
Players Stats for Islanders
Player Name G A P +/- PIM S H SB GA TA FO MP PP MP PK MP
------------------------------------------------------------------------------------
David Legwand 1 0 1 -1 0 1 0 0 0 0 7/11 18:51 2:31 3:34
Dustin Byfuglien 0 0 0 -1 0 0 1 0 0 0 0/0 9:55 0:00 0:21
Evander Kane 1 0 1 -1 2 10 1 0 0 0 1/2 22:08 3:33 5:34
Fedor Tyutin 0 0 0 -2 2 0 2 0 0 1 0/0 26:17 3:05 6:16
Jay Bouwmeester 0 0 0 -2 2 2 0 0 0 0 0/0 20:06 2:59 4:07
Jiri Hudler 0 0 0 -2 0 1 0 1 0 0 0/1 13:54 0:00 1:40
Joe Thornton 0 1 1 0 0 1 0 0 0 0 17/32 19:57 3:33 3:15
Justin Falk 0 0 0 -1 2 0 1 1 0 0 0/0 11:25 0:00 2:16
Maxim Talbot 0 0 0 -2 4 0 0 0 0 0 0/1 11:13 0:00 0:00
Mike Brown 0 0 0 -2 0 0 2 0 0 0 0/0 15:19 2:31 0:00
R.J. Umberger 0 0 0 -2 0 0 2 0 0 0 0/0 11:20 0:00 0:13
Ryan Ellis 0 0 0 -2 2 0 1 4 1 2 0/0 28:59 3:05 6:15
T.J. Fast 0 1 1 -2 0 0 0 0 0 1 0/0 20:23 2:59 4:24
Tomas Fleischmann 0 0 0 -2 0 1 3 0 0 0 0/0 15:08 2:31 0:00
Tomas Kundratek 0 0 0 0 0 0 0 0 0 0 0/0 3:30 0:00 0:41
Tomas Plekanec 0 0 0 -1 0 0 3 0 0 0 3/4 4:39 0:00 0:00
Vladimir Tarasenko 0 2 2 -2 0 4 2 1 1 0 7/14 27:19 3:33 7:23
Zac Rinaldo 0 0 0 -1 0 0 0 0 1 0 1/1 6:41 0:00 1:36
3 Stars
1 - James Neal (EDM)
2 - Taylor Hall (EDM)
3 - Shea Weber (EDM)
Power Play
Oilers - 1 on 7 Attempt(s) - 14.29%
Islanders - 1 on 4 Attempt(s) - 25.00%
Penalty Kill
Oilers - 3 on 4 Attempt(s) - 75.00%
- Score 0 goal in Penalty Kill
Islanders - 6 on 7 Attempt(s) - 85.71%
- Score 1 goal in Penalty Kill
Team Stat
Oilers - Hits : 23 - Faceoff Wins : 30 - Blocked Shots : 7 - Penalty Minutes : 8
Islanders - Hits : 18 - Faceoff Wins : 36 - Blocked Shots : 7 - Penalty Minutes : 14
Official
Referees : Unknown
Linesman : Unknown
Game Notes
James Neal has scored a Hat Trick!
Finance
Level 1 -- Attendance: 4850 (80.83%) -- Ticket Income $557,750
Level 2 -- Attendance: 5000 (100.00%) -- Ticket Income $325,000
Level 3 -- Attendance: 1460 (73.00%) -- Ticket Income $65,700
Level 4 -- Attendance: 3087 (77.18%) -- Ticket Income $108,045
Luxury Box -- Attendance: 738 (73.80%) -- Ticket Income $147,600
Game was played at the Barclay center.
Total Attendance: 15135 (84.08%)
Total Ticket Income: $1,204,095
Other Income: $180,614
Total Income: $1,384,709
Oilers
5 vs 5 Forward
Center Left Wing Right Wing Time % Phy DF OF
1 Riley Sheahan Taylor Hall Teuvo Teravainen 40 1 2 2
2 Leon Draisaitl Chris Kreider Phil Kessel 30 1 2 2
3 Connor McDavid James Neal Pavel Buchnevich 20 1 2 2
4 Kevin Porter Kellan Lain Jordan Caron 10 1 2 2
5 vs 5 Defense
Defense Defense Time % Phy DF OF
1 Seth Jones Adam Larsson 40 1 2 2
2 Darnell Nurse Shea Weber 30 1 2 2
3 Tobias Enstrom Oscar Klefbom 20 1 2 2
4 Shea Weber Tobias Enstrom 10 1 2 2
PowerPlay Forward
Center Left Wing Right Wing Time % Phy DF OF
1 Connor McDavid Chris Kreider Teuvo Teravainen 60 0 2 3
2 Leon Draisaitl Taylor Hall Pavel Buchnevich 40 0 2 3
PowerPlay Defense
Defense Defense Time % Phy DF OF
1 Seth Jones Tobias Enstrom 60 0 2 3
2 Oscar Klefbom Shea Weber 40 0 2 3
Penalty Kill 4 Players Forward
Center Wing Time % Phy DF OF
1 Riley Sheahan Kellan Lain 60 0 3 2
2 Kevin Porter Taylor Hall 40 0 3 2
Penalty Kill 4 Players Defense
Defense Defense Time % Phy DF OF
1 Seth Jones Shea Weber 60 0 3 2
2 Darnell Nurse Adam Larsson 40 0 3 2
Penalty Kill - 3 Players Forward
Forward Time % Phy DF OF
1 Kevin Porter 60 0 3 2
2 Taylor Hall 40 0 3 2
Penalty Kill - 3 Players Defense
Defense Defense Time % Phy DF OF
1 Tobias Enstrom Shea Weber 60 0 3 2
2 Adam Larsson Darnell Nurse 40 0 3 2
4 vs 4 Forward
Center Wing Time % Phy DF OF
1 Riley Sheahan Phil Kessel 60 1 2 2
2 Connor McDavid Taylor Hall 40 1 2 2
4 vs 4 Defense
Defense Defense Time % Phy DF OF
1 Adam Larsson Shea Weber 60 1 2 2
2 Seth Jones Tobias Enstrom 40 1 2 2
Last Minutes Offensive
Center Left Wing Right Wing Defense Defense
Connor McDavid Taylor Hall Phil Kessel Seth Jones Shea Weber
Last Minutes Defensive
Center Left Wing Right Wing Defense Defense
Riley Sheahan Taylor Hall Phil Kessel Adam Larsson Shea Weber
Goaltenders
Starting : James Reimer
Backup : Jonas Gustavsson
Extra Forwards
Normal : Kellan Lain, James Neal, Teuvo Teravainen - PP : Connor McDavid, James Neal - PK : James Neal
Extra Defensemen
Normal : Darnell Nurse, Oscar Klefbom, Seth Jones - PP : Darnell Nurse - PK : Oscar Klefbom, Seth Jones
Penalty Shots
Phil Kessel, Taylor Hall, Chris Kreider, Riley Sheahan, Kellan Lain
Scratches
Anthony Stewart (Healthy), Denis Grebeshkov (Healthy), Mike Smith (Healthy)
Islanders
5 vs 5 Forward
Center Left Wing Right Wing Time % Phy DF OF
1 Joe Thornton Evander Kane Vladimir Tarasenko 40 1 2 2
2 David Legwand Tomas Fleischmann Mike Brown 30 1 2 2
3 Maxim Talbot R.J. Umberger Jiri Hudler 20 1 2 2
4 Tomas Plekanec Zac Rinaldo Vladimir Tarasenko 10 1 2 2
5 vs 5 Defense
Defense Defense Time % Phy DF OF
1 Ryan Ellis Fedor Tyutin 40 1 2 2
2 Jay Bouwmeester T.J. Fast 30 1 2 2
3 Dustin Byfuglien Justin Falk 20 1 2 2
4 Tomas Kundratek Ryan Ellis 10 1 2 2
PowerPlay Forward
Center Left Wing Right Wing Time % Phy DF OF
1 Joe Thornton Evander Kane Vladimir Tarasenko 60 1 2 2
2 David Legwand Tomas Fleischmann Mike Brown 40 1 2 2
PowerPlay Defense
Defense Defense Time % Phy DF OF
1 Ryan Ellis Fedor Tyutin 60 1 2 2
2 Jay Bouwmeester T.J. Fast 40 1 2 2
Penalty Kill 4 Players Forward
Center Wing Time % Phy DF OF
1 Vladimir Tarasenko Evander Kane 60 1 2 2
2 Joe Thornton David Legwand 40 1 2 2
Penalty Kill 4 Players Defense
Defense Defense Time % Phy DF OF
1 Ryan Ellis Fedor Tyutin 60 1 2 2
2 Jay Bouwmeester T.J. Fast 40 1 2 2
Penalty Kill - 3 Players Forward
Forward Time % Phy DF OF
1 Vladimir Tarasenko 60 1 2 2
2 Evander Kane 40 1 2 2
Penalty Kill - 3 Players Defense
Defense Defense Time % Phy DF OF
1 Ryan Ellis Fedor Tyutin 60 1 2 2
2 Jay Bouwmeester T.J. Fast 40 1 2 2
4 vs 4 Forward
Center Wing Time % Phy DF OF
1 Vladimir Tarasenko Evander Kane 60 1 2 2
2 Joe Thornton David Legwand 40 1 2 2
4 vs 4 Defense
Defense Defense Time % Phy DF OF
1 Ryan Ellis Fedor Tyutin 60 1 2 2
2 Jay Bouwmeester T.J. Fast 40 1 2 2
Last Minutes Offensive
Center Left Wing Right Wing Defense Defense
Joe Thornton Evander Kane Vladimir Tarasenko Ryan Ellis Fedor Tyutin
Last Minutes Defensive
Center Left Wing Right Wing Defense Defense
Joe Thornton Evander Kane Vladimir Tarasenko Ryan Ellis Fedor Tyutin
Goaltenders
Starting : Jonathan Quick
Backup : Julien Ellis
Extra Forwards
Normal : R.J. Umberger, Maxim Talbot, Jiri Hudler - PP : R.J. Umberger, Maxim Talbot - PK : Jiri Hudler
Extra Defensemen
Normal : Dustin Byfuglien, Justin Falk, Tomas Kundratek - PP : Dustin Byfuglien - PK : Justin Falk, Tomas Kundratek
Penalty Shots
Vladimir Tarasenko, Evander Kane, Joe Thornton, David Legwand, Tomas Fleischmann
Scratches
Adam Pineault (Healthy), Carl Klingberg (Healthy)
% Time on Ice - Oilers
Lines # - Real PCT - Wanted PCT - Time Play
Normal Forward
1 - 35% - 40% - 14:33
2 - 32% - 30% - 13:21
3 - 21% - 20% - 8:42
4 - 13% - 10% - 5:15
Normal Defense
1 - 40% - 40% - 16:55
2 - 34% - 30% - 14:17
3 - 20% - 20% - 8:15
4 - 6% - 10% - 2:24
PP Forward
1 - 59% - 60% - 7:06
2 - 41% - 40% - 4:59
PP Defense
1 - 58% - 60% - 7:03
2 - 42% - 40% - 5:02
PK Forward
1 - 74% - 60% - 4:29
2 - 26% - 40% - 1:35
PK Defense
1 - 64% - 60% - 3:54
2 - 36% - 40% - 2:10
PK3 Forward
1 - 0% - 60%
2 - 0% - 40%
PK3 Defense
1 - 0% - 60%
2 - 0% - 40%
44 Forward
1 - 0% - 60%
2 - 0% - 40%
44 Defense
1 - 0% - 60%
2 - 0% - 40%
Last Minute Offensive - 0:00
Last Minute Defensive - 0:00
Total
Forward - 60:00
Defense - 60:00
|
% Time on Ice - Islanders
Lines # - Real PCT - Wanted PCT - Time Play
Normal Forward
1 - 32% - 40% - 13:26
2 - 30% - 30% - 12:39
3 - 27% - 20% - 11:07
4 - 11% - 10% - 4:39
Normal Defense
1 - 43% - 40% - 17:59
2 - 31% - 30% - 13:00
3 - 19% - 20% - 8:03
4 - 7% - 10% - 2:49
PP Forward
1 - 59% - 60% - 3:33
2 - 41% - 40% - 2:31
PP Defense
1 - 51% - 60% - 3:05
2 - 49% - 40% - 2:59
PK Forward
1 - 71% - 60% - 8:06
2 - 29% - 40% - 3:15
PK Defense
1 - 62% - 60% - 7:02
2 - 38% - 40% - 4:19
PK3 Forward
1 - 100% - 60% - 0:44
2 - 0% - 40% - 0:00
PK3 Defense
1 - 89% - 60% - 0:39
2 - 11% - 40% - 0:05
44 Forward
1 - 0% - 60%
2 - 0% - 40%
44 Defense
1 - 0% - 60%
2 - 0% - 40%
Last Minute Offensive - 0:00
Last Minute Defensive - 0:00
Total
Forward - 60:00
Defense - 60:00
|
Play-by-Play
1st period
0:01 of 1st period - Joe Thornton wins face-off versus Riley Sheahan in neutral zone.
0:06 of 1st period - Seth Jones is hit by Vladimir Tarasenko and loses puck.
0:13 of 1st period - Wrist shot by Adam Larsson.
0:13 of 1st period - Stopped by Jonathan Quick without a rebound.
0:14 of 1st period - David Legwand wins face-off versus Leon Draisaitl in Islanders zone.
0:14 of 1st period - David Legwand is hit by Phil Kessel.
0:39 of 1st period - Jay Bouwmeester is hit by Shea Weber and loses puck.
1:08 of 1st period - Vladimir Tarasenko is hit by Teuvo Teravainen and loses puck.
1:27 of 1st period - Snap shot by Kellan Lain.
1:27 of 1st period - Stopped by Jonathan Quick without a rebound.
1:28 of 1st period - David Legwand wins face-off versus Leon Draisaitl in Islanders zone.
2:15 of 1st period - Shea Weber is hit by Mike Brown and loses puck.
2:32 of 1st period - Snap shot by Phil Kessel.
2:32 of 1st period - Shot Misses the Net.
2:34 of 1st period - Slapshot by Seth Jones.
2:34 of 1st period - Shot Hit the Post.
2:36 of 1st period - Slapshot by Adam Larsson.
2:36 of 1st period - Shot Hit the Post.
2:38 of 1st period - Snap shot by Phil Kessel.
2:38 of 1st period - Goal by Phil Kessel - Oilers : 1 - Islanders : 0.
2:39 of 1st period - Joe Thornton wins face-off versus Riley Sheahan in neutral zone.
2:42 of 1st period - Wrist shot by Vladimir Tarasenko.
2:42 of 1st period - Shot Misses the Net.
2:44 of 1st period - Slapshot by Evander Kane.
2:44 of 1st period - Shot Misses the Net.
3:06 of 1st period - Fedor Tyutin is hit by Shea Weber and loses puck.
4:03 of 1st period - Wrist shot by Mike Brown.
4:03 of 1st period - Shot Misses the Net.
4:23 of 1st period - Shea Weber is hit by Tomas Plekanec.
4:26 of 1st period - Off-side.
4:27 of 1st period - Zac Rinaldo wins face-off versus Riley Sheahan in neutral zone.
4:49 of 1st period - Icing by Connor McDavid.
4:50 of 1st period - Joe Thornton wins face-off versus Connor McDavid in Oilers zone.
4:53 of 1st period - Snap shot by Evander Kane.
4:53 of 1st period - Stopped by James Reimer with a rebound.
5:11 of 1st period - Minor Penalty to Evander Kane for Holding.
5:12 of 1st period - Connor McDavid wins face-off versus Vladimir Tarasenko in Islanders zone.
5:43 of 1st period - Slapshot by Taylor Hall.
5:43 of 1st period - Shot Misses the Net.
7:11 of 1st period - Penalty to Evander Kane is over, Evander Kane is back on ice.
7:15 of 1st period - Off-side.
7:16 of 1st period - David Legwand wins face-off versus Kevin Porter in neutral zone.
7:50 of 1st period - Justin Falk is hit by Leon Draisaitl and loses puck.
8:05 of 1st period - Slapshot by Pavel Buchnevich.
8:05 of 1st period - Shot Misses the Net.
8:55 of 1st period - Snap shot by Evander Kane.
8:55 of 1st period - Stopped by James Reimer with a rebound.
9:09 of 1st period - Slapshot by Jiri Hudler.
9:09 of 1st period - Stopped by James Reimer with a rebound.
9:17 of 1st period - Snap shot by Connor McDavid.
9:17 of 1st period - Stopped by Jonathan Quick with a rebound.
9:19 of 1st period - Snap shot by Connor McDavid.
9:19 of 1st period - Shot Misses the Net.
9:21 of 1st period - Slapshot by James Neal.
9:21 of 1st period - Shot Misses the Net.
9:31 of 1st period - Snap shot by Taylor Hall.
9:31 of 1st period - Shot Misses the Net.
9:33 of 1st period - Snap shot by Taylor Hall.
9:33 of 1st period - Stopped by Jonathan Quick with a rebound.
9:35 of 1st period - Snap shot by Teuvo Teravainen.
9:35 of 1st period - Stopped by Jonathan Quick with a rebound.
9:39 of 1st period - Wrist shot by Taylor Hall.
9:39 of 1st period - Goal by Taylor Hall - Oilers : 2 - Islanders : 0.
9:40 of 1st period - Riley Sheahan wins face-off versus Joe Thornton in neutral zone.
10:09 of 1st period - Seth Jones is hit by Fedor Tyutin and loses puck.
10:38 of 1st period - Snap shot by Maxim Talbot.
10:38 of 1st period - Shot Misses the Net.
10:49 of 1st period - Icing by Jay Bouwmeester.
10:50 of 1st period - Tomas Plekanec wins face-off versus Riley Sheahan in Islanders zone.
11:02 of 1st period - Taylor Hall is hit by Tomas Plekanec and loses puck.
11:08 of 1st period - Minor Penalty to Oscar Klefbom for Roughing.
11:09 of 1st period - Joe Thornton wins face-off versus Riley Sheahan in Oilers zone.
11:15 of 1st period - Slapshot by Evander Kane.
11:15 of 1st period - Shot Misses the Net.
11:17 of 1st period - Snap shot by Evander Kane.
11:17 of 1st period - Stopped by James Reimer without a rebound.
11:18 of 1st period - Joe Thornton wins face-off versus Riley Sheahan in Oilers zone.
11:19 of 1st period - Slapshot by Evander Kane.
11:19 of 1st period - Stopped by James Reimer with a rebound.
11:21 of 1st period - Snap shot by Fedor Tyutin.
11:21 of 1st period - Deflect By Joe Thornton.
11:21 of 1st period - Shot Misses the Net.
11:21 of 1st period - Puck is out of play.
11:22 of 1st period - Joe Thornton wins face-off versus Riley Sheahan in Oilers zone.
12:40 of 1st period - Mike Brown is hit by Darnell Nurse and loses puck.
12:48 of 1st period - Icing by Jay Bouwmeester.
12:49 of 1st period - Joe Thornton wins face-off versus Kevin Porter in Islanders zone.
12:58 of 1st period - Evander Kane is hit by Kevin Porter and loses puck.
13:03 of 1st period - Wrist shot by Taylor Hall.
13:03 of 1st period - Shot Misses the Net.
13:08 of 1st period - Penalty to Oscar Klefbom is over, Oscar Klefbom is back on ice.
13:40 of 1st period - Snap shot by Leon Draisaitl.
13:40 of 1st period - Stopped by Jonathan Quick with a rebound.
13:54 of 1st period - Snap shot by Taylor Hall.
13:54 of 1st period - Shot Misses the Net.
14:10 of 1st period - Ryan Ellis is hit by Kellan Lain.
15:00 of 1st period - Minor Penalty to Seth Jones for Hooking.
15:01 of 1st period - Joe Thornton wins face-off versus Riley Sheahan in Oilers zone.
15:05 of 1st period - Snap shot by Evander Kane.
15:05 of 1st period - Shot Misses the Net.
15:07 of 1st period - Snap shot by Evander Kane.
15:07 of 1st period - Goal by Evander Kane - Oilers : 2 - Islanders : 1.
15:08 of 1st period - Riley Sheahan wins face-off versus Joe Thornton in neutral zone.
15:41 of 1st period - Slapshot by Jay Bouwmeester.
15:41 of 1st period - Stopped by James Reimer without a rebound.
15:42 of 1st period - Leon Draisaitl wins face-off versus Joe Thornton in Oilers zone.
16:09 of 1st period - Mike Brown is hit by Darnell Nurse and loses puck.
16:35 of 1st period - Slapshot by T.J. Fast.
16:35 of 1st period - Deflect By Vladimir Tarasenko.
16:35 of 1st period - Shot Misses the Net.
16:35 of 1st period - Puck is out of play.
16:36 of 1st period - Tomas Plekanec wins face-off versus Connor McDavid in Oilers zone.
16:51 of 1st period - Slapshot by Vladimir Tarasenko.
16:51 of 1st period - Stopped by James Reimer without a rebound.
16:52 of 1st period - Riley Sheahan wins face-off versus Joe Thornton in Oilers zone.
17:25 of 1st period - Snap shot by Leon Draisaitl.
17:25 of 1st period - Stopped by Jonathan Quick with a rebound.
17:27 of 1st period - Slapshot by Adam Larsson.
17:27 of 1st period - Stopped by Jonathan Quick with a rebound.
17:29 of 1st period - Snap shot by Chris Kreider.
17:29 of 1st period - Stopped by Jonathan Quick with a rebound.
17:46 of 1st period - Snap shot by Pavel Buchnevich.
17:46 of 1st period - Shot Blocked by Justin Falk.
18:02 of 1st period - Slapshot by Jay Bouwmeester.
18:02 of 1st period - Shot Blocked by Shea Weber.
19:25 of 1st period - Snap shot by Chris Kreider.
19:25 of 1st period - Stopped by Jonathan Quick with a rebound.
19:43 of 1st period - Backhand shot by Leon Draisaitl.
19:43 of 1st period - Stopped by Jonathan Quick with a rebound.
19:55 of 1st period - Snap shot by Chris Kreider.
19:55 of 1st period - Shot Misses the Net.
Goals for this period are 2 for Oilers vs 1 for Islanders.
Shots for this period are 13 for Oilers vs 8 for Islanders.
2nd period
0:01 of 2nd period - Evander Kane wins face-off versus Riley Sheahan in neutral zone.
0:08 of 2nd period - Wrist shot by Evander Kane.
0:08 of 2nd period - Stopped by James Reimer with a rebound.
0:10 of 2nd period - Slapshot by Ryan Ellis.
0:10 of 2nd period - Shot Blocked by Seth Jones.
0:26 of 2nd period - Connor McDavid is hit by Tomas Fleischmann.
0:32 of 2nd period - Tomas Fleischmann is hit by Shea Weber and loses puck.
0:59 of 2nd period - Off-side.
1:00 of 2nd period - Joe Thornton wins face-off versus Teuvo Teravainen in neutral zone.
1:07 of 2nd period - Wrist shot by Evander Kane.
1:07 of 2nd period - Shot Misses the Net.
1:09 of 2nd period - Wrist shot by Evander Kane.
1:09 of 2nd period - Shot Hit the Post.
1:58 of 2nd period - David Legwand is hit by Chris Kreider and loses puck.
2:09 of 2nd period - Justin Falk is hit by Jordan Caron and loses puck.
2:48 of 2nd period - Off-side.
2:49 of 2nd period - Connor McDavid wins face-off versus David Legwand in neutral zone.
3:04 of 2nd period - Wrist shot by James Neal.
3:04 of 2nd period - Goal by James Neal - Oilers : 3 - Islanders : 1.
3:05 of 2nd period - Riley Sheahan wins face-off versus Joe Thornton in neutral zone.
3:12 of 2nd period - Snap shot by Adam Larsson.
3:12 of 2nd period - Stopped by Jonathan Quick without a rebound.
3:13 of 2nd period - Riley Sheahan wins face-off versus Joe Thornton in Islanders zone.
3:30 of 2nd period - Snap shot by Evander Kane.
3:30 of 2nd period - Shot Misses the Net.
3:40 of 2nd period - Ryan Ellis is hit by Riley Sheahan and loses puck.
4:47 of 2nd period - Snap shot by Vladimir Tarasenko.
4:47 of 2nd period - Stopped by James Reimer with a rebound.
4:49 of 2nd period - Snap shot by Joe Thornton.
4:49 of 2nd period - Shot Misses the Net.
4:51 of 2nd period - Wrist shot by Evander Kane.
4:51 of 2nd period - Shot Blocked by Taylor Hall.
4:53 of 2nd period - Wrist shot by Joe Thornton.
4:53 of 2nd period - Stopped by James Reimer without a rebound.
4:54 of 2nd period - David Legwand wins face-off versus Leon Draisaitl in Oilers zone.
5:07 of 2nd period - Wrist shot by Mike Brown.
5:07 of 2nd period - Shot Misses the Net.
5:09 of 2nd period - Snap shot by Mike Brown.
5:09 of 2nd period - Shot Blocked by Leon Draisaitl.
5:19 of 2nd period - Jay Bouwmeester is hit by Darnell Nurse and loses puck.
6:18 of 2nd period - James Neal is hit by Tomas Plekanec and loses puck.
7:28 of 2nd period - Icing by Joe Thornton.
7:29 of 2nd period - Joe Thornton wins face-off versus Connor McDavid in Islanders zone.
7:50 of 2nd period - Shea Weber is hit by Dustin Byfuglien and loses puck.
8:08 of 2nd period - Off-side.
8:09 of 2nd period - Taylor Hall wins face-off versus Jiri Hudler in neutral zone.
8:43 of 2nd period - Oscar Klefbom is hit by Fedor Tyutin and loses puck.
8:49 of 2nd period - Minor Penalty to Fedor Tyutin for Hooking.
8:50 of 2nd period - Vladimir Tarasenko wins face-off versus Connor McDavid in Islanders zone.
9:07 of 2nd period - Icing by Teuvo Teravainen.
9:08 of 2nd period - Connor McDavid wins face-off versus Vladimir Tarasenko in Oilers zone.
9:29 of 2nd period - Snap shot by Connor McDavid.
9:29 of 2nd period - Shot Misses the Net.
9:31 of 2nd period - Slapshot by Connor McDavid.
9:31 of 2nd period - Shot Misses the Net.
9:33 of 2nd period - Wrist shot by Chris Kreider.
9:33 of 2nd period - Shot Misses the Net.
9:35 of 2nd period - Snap shot by Connor McDavid.
9:35 of 2nd period - Stopped by Jonathan Quick without a rebound.
9:36 of 2nd period - Leon Draisaitl wins face-off versus Evander Kane in Islanders zone.
9:49 of 2nd period - Wrist shot by Taylor Hall.
9:49 of 2nd period - Shot Misses the Net.
9:51 of 2nd period - Snap shot by Pavel Buchnevich.
9:51 of 2nd period - Stopped by Jonathan Quick with a rebound.
9:53 of 2nd period - Snap shot by Pavel Buchnevich.
9:53 of 2nd period - Shot Hit the Post.
10:30 of 2nd period - Slapshot by David Legwand.
10:30 of 2nd period - Goal by David Legwand - Oilers : 3 - Islanders : 2.
10:31 of 2nd period - Connor McDavid wins face-off versus Vladimir Tarasenko in neutral zone.
10:34 of 2nd period - Wrist shot by Seth Jones.
10:34 of 2nd period - Shot Misses the Net.
10:36 of 2nd period - Slapshot by Tobias Enstrom.
10:36 of 2nd period - Deflect By Vladimir Tarasenko.
10:36 of 2nd period - Stopped by Jonathan Quick with a rebound.
10:49 of 2nd period - Penalty to Fedor Tyutin is over, Fedor Tyutin is back on ice.
10:57 of 2nd period - Minor Penalty to Justin Falk for High sticking.
10:58 of 2nd period - Vladimir Tarasenko wins face-off versus Connor McDavid in Islanders zone.
11:23 of 2nd period - Leon Draisaitl is hit by Ryan Ellis.
11:31 of 2nd period - Snap shot by Taylor Hall.
11:31 of 2nd period - Stopped by Jonathan Quick without a rebound.
11:32 of 2nd period - Connor McDavid wins face-off versus Vladimir Tarasenko in Islanders zone.
11:55 of 2nd period - T.J. Fast is hit by Shea Weber and loses puck.
12:12 of 2nd period - Minor Penalty to Jay Bouwmeester for High sticking.
12:13 of 2nd period - Connor McDavid wins face-off versus Vladimir Tarasenko in Islanders zone.
12:16 of 2nd period - Slapshot by Connor McDavid.
12:16 of 2nd period - Shot Misses the Net.
12:18 of 2nd period - Slapshot by Tobias Enstrom.
12:18 of 2nd period - Shot Blocked by Ryan Ellis.
12:38 of 2nd period - Ryan Ellis is hit by Connor McDavid and loses puck.
12:51 of 2nd period - Wrist shot by Connor McDavid.
12:51 of 2nd period - Stopped by Jonathan Quick without a rebound.
12:52 of 2nd period - Vladimir Tarasenko wins face-off versus Pavel Buchnevich in Islanders zone.
12:57 of 2nd period - Penalty to Justin Falk is over, Justin Falk is back on ice.
13:01 of 2nd period - Slapshot by T.J. Fast.
13:01 of 2nd period - Deflect By Vladimir Tarasenko.
13:01 of 2nd period - Stopped by James Reimer with a rebound.
13:07 of 2nd period - Slapshot by Leon Draisaitl.
13:07 of 2nd period - Goal by Leon Draisaitl - Oilers : 4 - Islanders : 2.
13:08 of 2nd period - David Legwand wins face-off versus Riley Sheahan in neutral zone.
14:00 of 2nd period - Snap shot by Pavel Buchnevich.
14:00 of 2nd period - Shot Misses the Net.
14:32 of 2nd period - Snap shot by Taylor Hall.
14:32 of 2nd period - Shot Misses the Net.
14:53 of 2nd period - Minor Penalty to Leon Draisaitl for Hooking.
14:54 of 2nd period - Vladimir Tarasenko wins face-off versus Riley Sheahan in Oilers zone.
15:04 of 2nd period - Slapshot by Vladimir Tarasenko.
15:04 of 2nd period - Stopped by James Reimer without a rebound.
15:05 of 2nd period - Riley Sheahan wins face-off versus Joe Thornton in Oilers zone.
15:38 of 2nd period - Slapshot by Jay Bouwmeester.
15:38 of 2nd period - Stopped by James Reimer without a rebound.
15:39 of 2nd period - Kevin Porter wins face-off versus David Legwand in Oilers zone.
15:50 of 2nd period - Kellan Lain is hit by Tomas Fleischmann and loses puck.
15:55 of 2nd period - Snap shot by Mike Brown.
15:55 of 2nd period - Shot Blocked by Kellan Lain.
16:09 of 2nd period - Snap shot by Evander Kane.
16:09 of 2nd period - Stopped by James Reimer without a rebound.
16:10 of 2nd period - Joe Thornton wins face-off versus Kevin Porter in Oilers zone.
16:15 of 2nd period - Snap shot by Evander Kane.
16:15 of 2nd period - Stopped by James Reimer with a rebound.
16:53 of 2nd period - Penalty to Leon Draisaitl is over, Leon Draisaitl is back on ice.
18:12 of 2nd period - Minor Penalty to Maxim Talbot for Hooking.
18:13 of 2nd period - Vladimir Tarasenko wins face-off versus Connor McDavid in Islanders zone.
18:23 of 2nd period - Fedor Tyutin is hit by Seth Jones and loses puck.
Goals for this period are 2 for Oilers vs 1 for Islanders.
Shots for this period are 8 for Oilers vs 9 for Islanders.
3rd period
0:01 of 3rd period - Connor McDavid wins face-off versus Vladimir Tarasenko in neutral zone.
0:12 of 3rd period - Penalty to Maxim Talbot is over, Maxim Talbot is back on ice.
0:16 of 3rd period - Wrist shot by Chris Kreider.
0:16 of 3rd period - Stopped by Jonathan Quick without a rebound.
0:17 of 3rd period - Joe Thornton wins face-off versus Riley Sheahan in Islanders zone.
0:26 of 3rd period - Snap shot by Teuvo Teravainen.
0:26 of 3rd period - Stopped by Jonathan Quick without a rebound.
0:27 of 3rd period - Riley Sheahan wins face-off versus Joe Thornton in Islanders zone.
0:28 of 3rd period - Wrist shot by Taylor Hall.
0:28 of 3rd period - Shot Misses the Net.
0:30 of 3rd period - Slapshot by Adam Larsson.
0:30 of 3rd period - Deflect By Teuvo Teravainen.
0:30 of 3rd period - Stopped by Jonathan Quick with a rebound.
0:32 of 3rd period - Slapshot by Seth Jones.
0:32 of 3rd period - Shot Blocked by Ryan Ellis.
0:34 of 3rd period - Slapshot by Adam Larsson.
0:34 of 3rd period - Deflect By Teuvo Teravainen.
0:34 of 3rd period - Shot Misses the Net.
0:34 of 3rd period - Puck is out of play.
0:35 of 3rd period - Riley Sheahan wins face-off versus Joe Thornton in Islanders zone.
1:02 of 3rd period - Leon Draisaitl is hit by Tomas Fleischmann and loses puck.
1:27 of 3rd period - Slapshot by James Neal.
1:27 of 3rd period - Goal by James Neal - Oilers : 5 - Islanders : 2.
1:28 of 3rd period - Riley Sheahan wins face-off versus Joe Thornton in neutral zone.
1:40 of 3rd period - Seth Jones is hit by Justin Falk and loses puck.
2:06 of 3rd period - Snap shot by Chris Kreider.
2:06 of 3rd period - Stopped by Jonathan Quick without a rebound.
2:07 of 3rd period - Joe Thornton wins face-off versus Connor McDavid in Islanders zone.
2:14 of 3rd period - Wrist shot by Evander Kane.
2:14 of 3rd period - Stopped by James Reimer without a rebound.
2:15 of 3rd period - Joe Thornton wins face-off versus Connor McDavid in Oilers zone.
2:32 of 3rd period - Snap shot by Evander Kane.
2:32 of 3rd period - Shot Misses the Net.
2:48 of 3rd period - Slapshot by Ryan Ellis.
2:48 of 3rd period - Shot Blocked by Shea Weber.
2:50 of 3rd period - Snap shot by Evander Kane.
2:50 of 3rd period - Stopped by James Reimer without a rebound.
2:51 of 3rd period - David Legwand wins face-off versus Riley Sheahan in Oilers zone.
4:10 of 3rd period - Wrist shot by Connor McDavid.
4:10 of 3rd period - Shot Misses the Net.
4:45 of 3rd period - Chris Kreider is hit by R.J. Umberger and loses puck.
5:00 of 3rd period - Snap shot by Kellan Lain.
5:00 of 3rd period - Deflect By Jordan Caron.
5:00 of 3rd period - Shot Misses the Net.
5:00 of 3rd period - Puck is out of play.
5:01 of 3rd period - Kevin Porter wins face-off versus Joe Thornton in Islanders zone.
5:31 of 3rd period - Snap shot by Teuvo Teravainen.
5:31 of 3rd period - Shot Misses the Net.
5:33 of 3rd period - Slapshot by Adam Larsson.
5:33 of 3rd period - Stopped by Jonathan Quick without a rebound.
5:34 of 3rd period - Riley Sheahan wins face-off versus David Legwand in Islanders zone.
5:37 of 3rd period - Slapshot by Oscar Klefbom.
5:37 of 3rd period - Stopped by Jonathan Quick with a rebound.
5:45 of 3rd period - Taylor Hall is hit by Mike Brown and loses puck.
6:17 of 3rd period - Leon Draisaitl is hit by R.J. Umberger and loses puck.
6:40 of 3rd period - Slapshot by Oscar Klefbom.
6:40 of 3rd period - Stopped by Jonathan Quick without a rebound.
6:41 of 3rd period - Joe Thornton wins face-off versus Riley Sheahan in Islanders zone.
6:46 of 3rd period - Seth Jones is hit by Vladimir Tarasenko and loses puck.
7:04 of 3rd period - Icing by T.J. Fast.
7:05 of 3rd period - Joe Thornton wins face-off versus Connor McDavid in Islanders zone.
7:34 of 3rd period - Vladimir Tarasenko is hit by Riley Sheahan and loses puck.
7:54 of 3rd period - Minor Penalty to Phil Kessel for Hooking.
7:55 of 3rd period - Riley Sheahan wins face-off versus Joe Thornton in Oilers zone.
8:41 of 3rd period - Slapshot by Ryan Ellis.
8:41 of 3rd period - Shot Blocked by Kevin Porter.
9:19 of 3rd period - Snap shot by Chris Kreider.
9:19 of 3rd period - Shot Blocked by Vladimir Tarasenko.
9:21 of 3rd period - Snap shot by Chris Kreider.
9:21 of 3rd period - Stopped by Jonathan Quick without a rebound.
9:22 of 3rd period - James Neal wins face-off versus Joe Thornton in Islanders zone.
9:27 of 3rd period - Snap shot by Chris Kreider.
9:27 of 3rd period - Stopped by Jonathan Quick without a rebound.
9:28 of 3rd period - Riley Sheahan wins face-off versus David Legwand in Islanders zone.
9:33 of 3rd period - Snap shot by Kellan Lain.
9:33 of 3rd period - Shot Misses the Net.
9:54 of 3rd period - Penalty to Phil Kessel is over, Phil Kessel is back on ice.
10:09 of 3rd period - Snap shot by James Neal.
10:09 of 3rd period - Goal by James Neal - Oilers : 6 - Islanders : 2.
10:10 of 3rd period - Teuvo Teravainen wins face-off versus Joe Thornton in neutral zone.
10:47 of 3rd period - Snap shot by Taylor Hall.
10:47 of 3rd period - Shot Misses the Net.
10:49 of 3rd period - Snap shot by Teuvo Teravainen.
10:49 of 3rd period - Shot Blocked by Jiri Hudler.
10:51 of 3rd period - Snap shot by Riley Sheahan.
10:51 of 3rd period - Deflect By Taylor Hall.
10:51 of 3rd period - Shot Misses the Net.
10:51 of 3rd period - Puck is out of play.
10:52 of 3rd period - David Legwand wins face-off versus Phil Kessel in Islanders zone.
10:52 of 3rd period - David Legwand is hit by Chris Kreider.
11:19 of 3rd period - Mike Brown is hit by Kellan Lain.
11:28 of 3rd period - Off-side.
11:29 of 3rd period - Joe Thornton wins face-off versus Riley Sheahan in neutral zone.
11:44 of 3rd period - Joe Thornton is hit by Adam Larsson and loses puck.
12:17 of 3rd period - Snap shot by Connor McDavid.
12:17 of 3rd period - Stopped by Jonathan Quick without a rebound.
12:18 of 3rd period - Tomas Plekanec wins face-off versus Connor McDavid in Islanders zone.
12:32 of 3rd period - Icing by Ryan Ellis.
12:33 of 3rd period - Riley Sheahan wins face-off versus Tomas Plekanec in Islanders zone.
12:38 of 3rd period - Snap shot by Taylor Hall.
12:38 of 3rd period - Shot Misses the Net.
12:40 of 3rd period - Snap shot by Shea Weber.
12:40 of 3rd period - Shot Misses the Net.
12:42 of 3rd period - Slapshot by Darnell Nurse.
12:42 of 3rd period - Stopped by Jonathan Quick without a rebound.
12:43 of 3rd period - Riley Sheahan wins face-off versus Joe Thornton in Islanders zone.
12:44 of 3rd period - Wrist shot by Taylor Hall.
12:44 of 3rd period - Stopped by Jonathan Quick with a rebound.
12:46 of 3rd period - Wrist shot by Riley Sheahan.
12:46 of 3rd period - Shot Blocked by Ryan Ellis.
12:48 of 3rd period - Slapshot by Darnell Nurse.
12:48 of 3rd period - Shot Blocked by Ryan Ellis.
12:50 of 3rd period - Snap shot by Taylor Hall.
12:50 of 3rd period - Shot Misses the Net.
12:54 of 3rd period - Snap shot by Taylor Hall.
12:54 of 3rd period - Deflect By Teuvo Teravainen.
12:54 of 3rd period - Stopped by Jonathan Quick with a rebound.
12:56 of 3rd period - Snap shot by Riley Sheahan.
12:56 of 3rd period - Deflect By Taylor Hall.
12:56 of 3rd period - Goal by Taylor Hall - Oilers : 7 - Islanders : 2.
12:57 of 3rd period - Vladimir Tarasenko wins face-off versus Taylor Hall in neutral zone.
13:00 of 3rd period - Adam Larsson is hit by Evander Kane and loses puck.
13:19 of 3rd period - Minor Penalty to Ryan Ellis for Tripping.
13:20 of 3rd period - Vladimir Tarasenko wins face-off versus Connor McDavid in Islanders zone.
15:19 of 3rd period - Penalty to Ryan Ellis is over, Ryan Ellis is back on ice.
15:50 of 3rd period - Justin Falk is hit by Taylor Hall and loses puck.
16:36 of 3rd period - Wrist shot by Tomas Fleischmann.
16:36 of 3rd period - Stopped by James Reimer without a rebound.
16:37 of 3rd period - Kevin Porter wins face-off versus Maxim Talbot in Oilers zone.
16:43 of 3rd period - Minor Penalty to Maxim Talbot for Interference.
16:44 of 3rd period - Chris Kreider wins face-off versus Vladimir Tarasenko in Islanders zone.
17:43 of 3rd period - Vladimir Tarasenko is hit by Leon Draisaitl and loses puck.
18:43 of 3rd period - Penalty to Maxim Talbot is over, Maxim Talbot is back on ice.
Goals for this period are 3 for Oilers vs 0 for Islanders.
Shots for this period are 16 for Oilers vs 3 for Islanders.